 Dungeon Crawl Stone Soup version 0.27-a0-597-g524d869a0f (webtiles) character file.

Game seed: 10092073715471943880

16 siradein the Firebug (level 2, 0/20 HPs)
             Began as a Hill Orc Fire Elementalist on Mar 11, 2021.
             Slain by a jackal (1 damage)
             ... on level 1 of the Dungeon.
             The game lasted 00:02:29 (435 turns).

siradein the Firebug (Hill Orc Fire Elementalist)    Turns: 435, Time: 00:02:30

Health: 0/20       AC:  2    Str: 10    XL:     2   Next: 54%
Magic:  1/4        EV: 12    Int: 15    God:
Gold:   1          SH:  0    Dex: 11    Spells: 3/4 levels left

rFire    . . .     SeeInvis .   (no weapon)
rCold    . . .     Faith    .   (no shield)
rNeg     . . .     Spirit   .   a - +0 robe
rPois    .         Reflect  .   (no helmet)
rElec    .         Harm     .   (no cloak)
rCorr    .         Rampage  .   (no gloves)
Will     .....                  (no boots)
Stlth    ++........             (no amulet)
HPRegen  0.06/turn              (no ring)
MPRegen  0.09/turn              (no ring)

@: no status effects
A: no striking features
a: no special abilities


You were on level 1 of the Dungeon.
You visited 1 branch of the dungeon, and saw 1 of its levels.

You collected 1 gold pieces.

Inventory:

Armour
 a - a +0 robe (worn)
Scrolls
 b - a scroll of magic mapping {unknown}


   Skills:
 - Level 1.5 Dodging
 - Level 1.5 Stealth
 - Level 1.5 Spellcasting
 - Level 1.0 Conjurations
 + Level 4.2 Fire Magic


You had 3 spell levels left.
You knew the following spells:

 Your Spells              Type           Power      Damage    Failure   Level
a - Foxfire               Conj/Fire      36%        2x1d5     8%          1

Your spell library contained the following spells:

 Spells                   Type           Power      Damage    Failure   Level
 Conjure Flame            Conj/Fire      9%         6-21      24%         3
 Inner Flame              Hex/Fire       7%         N/A       28%         3
 Sticky Flame             Conj/Fire      9%         2d3       61%         4
 Fireball                 Conj/Fire      4%         3d4       91%         5


Dungeon Overview and Level Annotations

Branches:
Dungeon (1/15)

Altars:


Message History

The bat misses you. The bat hits you but does no damage.
The bat closely misses you. The bat completely misses you.
The bat closely misses you. x2
The bat hits you but does no damage. The bat closely misses you.
Casting: Foxfire (safe; 9% risk of failure)
Press: ? - help, Q - select action Dir - look around, f - activate You conjure some foxfire!
The bat hits you.
* * * LOW HITPOINT WARNING * * *
The foxfire hits the bat.
You kill the bat!
The foxfire hits the bat.
The bat is severely wounded.
The bat misses you. The bat barely misses you.
The bat hits you but does no damage. x2
The bat barely misses you. The bat hits you but does no damage.
Things that are here:
a +0 dagger; a kobold corpse The bat misses you.
The jackal bites you but does no damage.
The bat closely misses you.
There is an open door here.
The bat hits you.
* * * LOW HITPOINT WARNING * * *
Casting: Foxfire (safe; 9% risk of failure)
Press: ? - help, Q - select action Dir - look around, f - activate You conjure some foxfire!
The bat completely misses you.
The foxfire hits the bat.
You kill the bat!
The foxfire hits the jackal.
The jackal is heavily wounded.
The jackal bites you but does no damage.
The jackal misses you.
You see here a +0 hunting sling.
The jackal bites you.
You die...

...# #. ...# ##. ...# ... ...#
#.# ...# #.# ...# #+#######+# #.#
...# ##.........## #.### ...#
##...#####...###..(. ...# #+#
##.#@#.###.#.#.#####. #.## #.#
##.##h##.#.##.##.## #. #..# #.#
##.###h###.###.###)###.
##g####.###.####.##.#.##.####.##.
#.h##...'l.h...h..###.........†.
##l##...#†.####.### ###.####..##
###.##.).#.#.###.# #.###.#.#
...hh#l..#.##.#.## ##.#.##.#
###..#...#.###.## ##.###.#


You could see 3 jackals.

Vanquished Creatures
  A dart slug (D:1)
  3 hobgoblins (D:1)
  A jackal (D:1)
  2 kobolds (D:1)
  3 bats (D:1)
  A frilled lizard (D:1)
  3 rats (D:1)
14 creatures vanquished.

Vanquished Creatures (others)
  35 foxfires (D:1)
35 creatures vanquished.

Grand Total: 49 creatures vanquished

Notes
Turn   | Place    | Note
-------+----------+-------------------------------------------
     0 | D:1      | siradein the Hill Orc Fire Elementalist began the quest for
                  | the Orb.
     0 | D:1      | Reached XP level 1. HP: 14/14 MP: 3/3
   280 | D:1      | Reached XP level 2. HP: 20/20 MP: 2/4
   310 | D:1      | Reached skill level 4 in Fire Magic
   417 | D:1      | HP: 1/20 [bat (1)]
   425 | D:1      | HP: 1/20 [bat (1)]
   435 | D:1      | Slain by a jackal

Illustrated notes

Levels and vault maps discovered:
D:1:      roderic_octagonal_star, layout_basic, minmay_ruptured

Skill      XL: |  1  2 |
---------------+-------+-----
Fire Magic     | 4 |  4.2
Dodging        | |  1.5
Stealth        | |  1.5
Spellcasting   | |  1.5
Conjurations   | |  1.0

Action                   || total
-------------------------++-------
 Cast: Foxfire           ||    22
Armor: Robe              ||    22
Dodge: Dodged            ||    51

Table legend: (Time is in decaauts)
 A = Elapsed time spent in this place.
 B = Non-inter-level travel time spent in this place.
 C = Inter-level travel time spent in this place.
 D = Time resting spent in this place.
 E = Time spent auto-exploring this place.
 F = Levels seen in this place.
 G = Mean time per level.
                   A        B        C        D        E       F      G
               +--------+--------+--------+--------+--------+-----+--------+
         Total |    435 |    435 |      0 |      0 |    299 |   1 |  435.0 |
       Dungeon |    435 |    435 |      0 |      0 |    299 |   1 |  435.0 |
               +--------+--------+--------+--------+--------+-----+--------+

Top non-repeatable levels by time:
     D:1: 435 daAuts
